TOP OF THE 1ST |
Topeka Tornados batting - Pitching for Louisville Bats : LHP George Moore
|
Pitching: LHP George Moore
|
|
Batting: SHB Javier Peńa
|
0-0: Foul Ball, location: 2F 0-1: Called Strike 0-2: Strikes out looking
|
Batting: SHB José González
|
0-0: Ball 1-0: Swinging Strike 1-1: Swinging Strike 1-2: Strikes out swinging
|
Batting: LHB Ryan Drake
|
0-0: Called Strike 0-1: Foul Ball, location: 2F 0-2: Ball 1-2: Ball 2-2: Strikes out swinging
|
Top of the 1st over - 0 run(s), 0 hit(s), 0 error(s), 0 left on base; Topeka 0 - Louisville 0 |
BOTTOM OF THE 1ST |
Louisville Bats batting - Pitching for Topeka Tornados : RHP Eric Hunt
|
Pitching: RHP Eric Hunt
|
|
Batting: RHB John Denton
|
0-0: Fly out, F9 (Flyball, 9S)
|
Batting: RHB Juan Costello
|
0-0: Ball 1-0: DOUBLE (Flyball, 9LM)
|
Batting: RHB Jesús Cabrera
|
0-0: Called Strike Throwing error on steal attempt, E2 Juan Costello scores 0-1: Ball 1-1: Swinging Strike 1-2: Ball 2-2: Ball 3-2: Base on Balls
|
Batting: RHB Danny Campbell
|
0-0: Ball Jesús Cabrera steals 2nd base 1-0: Ball Jesús Cabrera steals 3rd base 2-0: Called Strike 2-1: Swinging Strike 2-2: Reached via error on a dropped throw, E1 Jesús Cabrera scores
|
Batting: RHB Eric Thompson
|
0-0: Fly out, F8 (Flyball, 8LD)
|
Batting: RHB Dick Slagboom
|
0-0: Foul Ball, location: 2F 0-1: Ball 1-1: Ball 2-1: Swinging Strike 2-2: Ball Danny Campbell steals 2nd base 3-2: Base on Balls
|
Batting: RHB William Farmer
|
0-0: Called Strike 0-1: Ball 1-1: Ball 2-1: Ball 3-1: Base on Balls Danny Campbell to third Dick Slagboom to second
|
Batting: LHB Ramón Morales
|
0-0: Called Strike 0-1: Ball 1-1: Ball 2-1: Swinging Strike 2-2: Fly out, F7 (Flyball, 78S)
|
Bottom of the 1st over - 2 run(s), 1 hit(s), 2 error(s), 3 left on base; Topeka 0 - Louisville 2 |
TOP OF THE 2ND |
Topeka Tornados batting - Pitching for Louisville Bats : LHP George Moore
|
Batting: LHB José López
|
0-0: Swinging Strike 0-1: Called Strike 0-2: Strikes out swinging
|
Batting: LHB Ramón Pérez
|
0-0: SINGLE (Line Drive, 7LM)
|
Batting: RHB Bob Hall
|
0-0: Fly out, F8 (Flyball, 8RS)
|
Batting: LHB Yoshiaki Ohayashi
|
0-0: Ball Ramón Pérez steals 2nd base 1-0: Called Strike 1-1: Ball 2-1: Ball 3-1: SINGLE (Groundball, 6MD) Ramón Pérez to third Runner from 3rd tries for Home, SAFE, no throw
|
Batting: LHB Edward Rose
|
0-0: Called Strike 0-1: Called Strike 0-2: Fly out, F8 (Line Drive, 8LS)
|
Top of the 2nd over - 1 run(s), 2 hit(s), 0 error(s), 1 left on base; Topeka 1 - Louisville 2 |
BOTTOM OF THE 2ND |
Louisville Bats batting - Pitching for Topeka Tornados : RHP Eric Hunt
|
Batting: RHB Shawn Marshall
|
0-0: Called Strike 0-1: Foul Ball, location: 2F 0-2: Ball 1-2: Foul Ball, location: 2F 1-2: Strikes out swinging
|
Batting: RHB John Denton
|
0-0: Ball 1-0: Foul Ball, location: 2F 1-1: Ball 2-1: Ball 3-1: Base on Balls
|
Batting: RHB Juan Costello
|
0-0: Called Strike 0-1: TRIPLE (Line Drive, 78D) John Denton scores
|
Batting: RHB Jesús Cabrera
|
0-0: Foul Ball, location: 2F 0-1: Ball 1-1: Ball 2-1: Called Strike 2-2: Ball 3-2: SINGLE (Groundball, 56) (infield hit) Juan Costello scores
|
Batting: RHB Danny Campbell
|
0-0: Called Strike 0-1: Called Strike 0-2: Foul Ball, location: 2F 0-2: SINGLE (Line Drive, 4D) Jesús Cabrera to second Runner from 2nd tries for 3rd, SAFE, no throw
|
Batting: RHB Eric Thompson
|
0-0: Ball 1-0: Called Strike Danny Campbell steals 2nd base 1-1: Ball 2-1: Called Strike 2-2: Ball 3-2: SINGLE (Groundball, 4MD) Jesús Cabrera scores Danny Campbell to third Runner from 3rd tries for Home, SAFE, no throw
|
Pitching: RHP Reginaldo Coscia
|
|
Batting: RHB Dick Slagboom
|
0-0: Called Strike 0-1: Ball 1-1: Foul Ball, location: 2F 1-2: Ball 2-2: Ball 3-2: Fly out, F4 (Line Drive, 4M)
|
Batting: RHB William Farmer
|
0-0: Ball Eric Thompson steals 2nd base 1-0: Ball 2-0: Ball 3-0: Called Strike 3-1: Called Strike 3-2: Foul Ball, location: 2F 3-2: SINGLE (Groundball, 34D) Eric Thompson to third Eric Thompson scores
|
Batting: LHB Ramón Morales
|
0-0: Fielders Choice at 2nd, 4-6 (Groundball, 34)
|
Bottom of the 2nd over - 5 run(s), 5 hit(s), 0 error(s), 0 left on base; Topeka 1 - Louisville 7 |
TOP OF THE 3RD |
Topeka Tornados batting - Pitching for Louisville Bats : LHP George Moore
|
Batting: SHB Giancarlo Giannini
|
0-0: Ground out 4-3 (Groundball, 4M)
|
Batting: SHB Javier Peńa
|
0-0: Fly out, F4 (Line Drive, 4)
|
Batting: SHB José González
|
0-0: Called Strike 0-1: Foul Ball, location: 2F 0-2: Hit by Pitch
|
Batting: LHB Ryan Drake
|
0-0: Called Strike 0-1: Foul Ball, location: 2F 0-2: Strikes out swinging
|
Top of the 3rd over - 0 run(s), 0 hit(s), 0 error(s), 1 left on base; Topeka 1 - Louisville 7 |
BOTTOM OF THE 3RD |
Louisville Bats batting - Pitching for Topeka Tornados : RHP Reginaldo Coscia
|
Batting: RHB Shawn Marshall
|
0-0: Foul Ball, location: 2F 0-1: Ground out 6-3 (Groundball, 56)
|
Batting: RHB John Denton
|
0-0: Ball 1-0: Called Strike 1-1: Ball 2-1: Ball 3-1: Called Strike 3-2: Foul Ball, location: 2F 3-2: Base on Balls
|
Batting: RHB Juan Costello
|
0-0: Ball 1-0: Called Strike John Denton steals 2nd base 1-1: Swinging Strike 1-2: Ball 2-2: Ball 3-2: 2-RUN HOME RUN (Flyball, 7LD), Distance : 366 ft
|
Batting: RHB Jesús Cabrera
|
0-0: Ball 1-0: Called Strike 1-1: Fly out, F6 (Popup, 6D)
|
Batting: RHB Danny Campbell
|
0-0: Ball 1-0: Ball 2-0: Ball 3-0: Base on Balls
|
Batting: RHB Eric Thompson
|
0-0: Called Strike Danny Campbell steals 2nd base 0-1: SINGLE (Line Drive, 34D) Danny Campbell to third Runner from 3rd tries for Home, SAFE, throw made home Eric Thompson to second
|
Pitching: RHP Larry Jones
|
|
Batting: RHB Dick Slagboom
|
0-0: Ball 1-0: Ball 2-0: Ball 3-0: Base on Balls
|
Batting: RHB William Farmer
|
0-0: Called Strike Eric Thompson steals 3rd base Dick Slagboom to second 0-1: Ball 1-1: Foul Ball, location: 2F 1-2: Foul Ball, location: 2F 1-2: Fly out, F3 (Popup, 3L)
|
Bottom of the 3rd over - 3 run(s), 2 hit(s), 0 error(s), 2 left on base; Topeka 1 - Louisville 10 |
TOP OF THE 4TH |
Topeka Tornados batting - Pitching for Louisville Bats : LHP George Moore
|
Batting: LHB José López
|
0-0: Ball 1-0: Foul Ball, location: 2F 1-1: Foul Ball, location: 2F 1-2: DOUBLE (Flyball, 7D)
|
Batting: LHB Ramón Pérez
|
0-0: Called Strike 0-1: Foul Ball, location: 2F 0-2: Ball 1-2: Ground out 4-3 (Groundball, 4) José López to third
|
Batting: RHB Bob Hall
|
0-0: Foul Ball, location: 2F 0-1: Ball 1-1: Swinging Strike 1-2: Foul Ball, location: 2F 1-2: Fly out, F8 (Flyball, 8LM)
|
Batting: LHB Yoshiaki Ohayashi
|
0-0: Ball 1-0: Ball 2-0: Ground out U3 (Groundball, 2R)
|
Top of the 4th over - 0 run(s), 1 hit(s), 0 error(s), 1 left on base; Topeka 1 - Louisville 10 |
BOTTOM OF THE 4TH |
Louisville Bats batting - Pitching for Topeka Tornados : RHP Larry Jones
|
Batting: LHB Ramón Morales
|
0-0: Ball 1-0: Ball 2-0: Foul Ball, location: 2F 2-1: Foul Ball, location: 2F 2-2: Foul Ball, location: 2F 2-2: Foul Ball, location: 2F 2-2: Ball 3-2: Foul Ball, location: 2F 3-2: Foul Ball, location: 2F 3-2: Foul Ball, location: 2F 3-2: Base on Balls
|
Batting: RHB Shawn Marshall
|
0-0: Called Strike 0-1: DOUBLE (Line Drive, 9LS) Ramón Morales to third Runner from 3rd tries for Home, SAFE, no throw
|
Batting: RHB John Denton
|
0-0: Called Strike 0-1: Called Strike 0-2: Ground out 4-3 (Groundball, 4M) Shawn Marshall to third
|
Batting: RHB Juan Costello
|
0-0: Ball 1-0: Ball 2-0: Called Strike 2-1: Swinging Strike 2-2: Ball 3-2: Foul Ball, location: 2F 3-2: Ground out 4-3 (Groundball, 4) Shawn Marshall scores
|
Batting: RHB Jesús Cabrera
|
0-0: Ball 1-0: Foul Ball, location: 2F 1-1: Ground out 3-1 (Groundball, 34)
|
Bottom of the 4th over - 2 run(s), 1 hit(s), 0 error(s), 0 left on base; Topeka 1 - Louisville 12 |
TOP OF THE 5TH |
Topeka Tornados batting - Pitching for Louisville Bats : LHP George Moore
|
Batting: LHB Edward Rose
|
0-0: Ball 1-0: Ball 2-0: Called Strike 2-1: Called Strike 2-2: DOUBLE (Flyball, 78D)
|
Batting: SHB Giancarlo Giannini
|
0-0: Called Strike 0-1: Fly out, F9 (Flyball, 89M)
|
Batting: SHB Javier Peńa
|
0-0: Foul Ball, location: 2F 0-1: Ball 1-1: Foul Ball, location: 2F 1-2: Reached on error, E5 (Groundball, 56) Edward Rose scores
|
Batting: SHB José González
|
0-0: Ball 1-0: Ball 2-0: Called Strike 2-1: Foul Ball, location: 2F 2-2: Ball 3-2: Ground out 1-3 (Groundball, 15S)
|
Batting: LHB Ryan Drake
|
0-0: SINGLE (Groundball, 4D) Javier Peńa to third Runner from 3rd tries for Home, SAFE, no throw
|
Batting: LHB José López
|
0-0: Ball 1-0: Foul Ball, location: 2F 1-1: Called Strike 1-2: Ball 2-2: Strikes out swinging
|
Top of the 5th over - 2 run(s), 2 hit(s), 1 error(s), 1 left on base; Topeka 3 - Louisville 12 |
BOTTOM OF THE 5TH |
Louisville Bats batting - Pitching for Topeka Tornados : RHP Larry Jones
|
Pitching: LHP Pedro Vega
|
|
Batting: RHB Danny Campbell
|
0-0: Ball 1-0: Ball 2-0: Ball 3-0: Base on Balls
|
Batting: RHB Eric Thompson
|
0-0: Ball 1-0: Ball 2-0: Ball 3-0: Base on Balls Danny Campbell to second
|
Batting: RHB Dick Slagboom
|
0-0: Swinging Strike 0-1: Ball 1-1: Swinging Strike 1-2: Ball 2-2: Foul Ball, location: 2F 2-2: Ball 3-2: Base on Balls Danny Campbell to third Eric Thompson to second
|
Batting: RHB William Farmer
|
0-0: Ball 1-0: Ball 2-0: Ball 3-0: Called Strike 3-1: Base on Balls Danny Campbell scores Eric Thompson to third Dick Slagboom to second
|
Batting: LHB Ramón Morales
|
0-0: Called Strike 0-1: Ball 1-1: Foul Ball, location: 2F 1-2: Ball 2-2: Strikes out looking
|
Batting: RHB Shawn Marshall
|
0-0: Called Strike 0-1: Ball 1-1: Ball 2-1: Foul Ball, location: 2F 2-2: Foul Ball, location: 2F 2-2: Ball 3-2: Foul Ball, location: 2F 3-2: Fly out, F8 (Flyball, 8LM) Runner from 3rd tags up, SCORES, no throw
|
Batting: RHB John Denton
|
0-0: Called Strike 0-1: Foul Ball, location: 2F 0-2: Ball 1-2: Reached on error, E5 (Groundball, 5L) Dick Slagboom to third William Farmer to second
|
Batting: RHB Juan Costello
|
0-0: Ball 1-0: Ball 2-0: Foul Ball, location: 2F 2-1: Ball 3-1: Called Strike 3-2: Base on Balls Dick Slagboom scores William Farmer to third John Denton to second
|
Pitching: LHP Jorge Ybarra
|
|
Batting: RHB Jesús Cabrera
|
0-0: Ball 1-0: Foul Ball, location: 2F 1-1: Swinging Strike 1-2: Ball 2-2: Ball 3-2: Base on Balls William Farmer scores John Denton to third Juan Costello to second
|
Batting: RHB Danny Campbell
|
0-0: Fly out, F9 (Flyball, 9)
|
Bottom of the 5th over - 4 run(s), 0 hit(s), 1 error(s), 3 left on base; Topeka 3 - Louisville 16 |
TOP OF THE 6TH |
Topeka Tornados batting - Pitching for Louisville Bats : LHP George Moore
|
Batting: LHB Ramón Pérez
|
0-0: Called Strike 0-1: Ground out U3 (Groundball, 34)
|
Batting: RHB Bob Hall
|
0-0: Ball 1-0: Called Strike 1-1: Called Strike 1-2: Ground out 4-3 (Groundball, 4MS)
|
Batting: LHB Yoshiaki Ohayashi
|
0-0: Ball 1-0: Ball 2-0: Called Strike 2-1: Foul Ball, location: 2F 2-2: Ball 3-2: Ground out 4-3 (Groundball, 34D)
|
Top of the 6th over - 0 run(s), 0 hit(s), 0 error(s), 0 left on base; Topeka 3 - Louisville 16 |
BOTTOM OF THE 6TH |
Louisville Bats batting - Pitching for Topeka Tornados : LHP Jorge Ybarra
|
Batting: RHB Eric Thompson
|
0-0: Ball 1-0: Ball 2-0: Ground out 5-3 (Groundball, 56)
|
Batting: RHB Dick Slagboom
|
0-0: Foul Ball, location: 2F 0-1: Foul Ball, location: 2F 0-2: Foul Ball, location: 2F 0-2: Ball 1-2: Foul Ball, location: 2F 1-2: Foul Ball, location: 2F 1-2: Foul Ball, location: 2F 1-2: Ball 2-2: Foul Ball, location: 2F 2-2: Ground out 4-3 (Groundball, 4)
|
Batting: RHB William Farmer
|
0-0: Ball 1-0: Ball 2-0: DOUBLE (Flyball, 9D)
|
Batting: LHB Ramón Morales
|
0-0: Foul Ball, location: 2F 0-1: Ground out 4-3 (Groundball, 34)
|
Bottom of the 6th over - 0 run(s), 1 hit(s), 0 error(s), 1 left on base; Topeka 3 - Louisville 16 |
TOP OF THE 7TH |
Topeka Tornados batting - Pitching for Louisville Bats : LHP George Moore
|
Batting: LHB Edward Rose
|
0-0: Fly out, F8 (Line Drive, 8LD)
|
Batting: SHB Giancarlo Giannini
|
0-0: Ground out 4-3 (Groundball, 4)
|
Batting: SHB Javier Peńa
|
0-0: Swinging Strike 0-1: Swinging Strike 0-2: Strikes out swinging
|
Top of the 7th over - 0 run(s), 0 hit(s), 0 error(s), 0 left on base; Topeka 3 - Louisville 16 |
BOTTOM OF THE 7TH |
Louisville Bats batting - Pitching for Topeka Tornados : LHP Jorge Ybarra
|
Batting: RHB Shawn Marshall
|
0-0: Ball 1-0: Ball 2-0: Foul Ball, location: 2F 2-1: Called Strike 2-2: Ball 3-2: Strikes out looking
|
Batting: RHB John Denton
|
0-0: Ball 1-0: Called Strike 1-1: Called Strike 1-2: Foul Ball, location: 2F 1-2: Foul Ball, location: 2F 1-2: Strikes out swinging
|
Batting: RHB Juan Costello
|
0-0: SINGLE (Line Drive, 56D)
|
Batting: RHB Jesús Cabrera
|
0-0: Ball Juan Costello steals 2nd base 1-0: Fly out, F8 (Flyball, 78M)
|
Bottom of the 7th over - 0 run(s), 1 hit(s), 0 error(s), 1 left on base; Topeka 3 - Louisville 16 |
TOP OF THE 8TH |
Topeka Tornados batting - Pitching for Louisville Bats : LHP George Moore
|
Batting: SHB José González
|
0-0: Ball 1-0: Called Strike 1-1: Swinging Strike 1-2: Strikes out swinging, 2-3 out at first.
|
Batting: LHB Ryan Drake
|
0-0: Foul Ball, location: 2F 0-1: Fly out, F9 (Flyball, 9LS)
|
Batting: LHB José López
|
0-0: Called Strike 0-1: Ball 1-1: Ball 2-1: Foul Ball, location: 2F 2-2: Foul Ball, location: 2F 2-2: Fly out, F9 (Flyball, 9S)
|
Top of the 8th over - 0 run(s), 0 hit(s), 0 error(s), 0 left on base; Topeka 3 - Louisville 16 |
BOTTOM OF THE 8TH |
Louisville Bats batting - Pitching for Topeka Tornados : LHP Jorge Ybarra
|
Batting: RHB Danny Campbell
|
0-0: Ball 1-0: Foul Ball, location: 2F 1-1: Ball 2-1: Foul Ball, location: 2F 2-2: Ball 3-2: Ground out 5-3 (Groundball, 56S)
|
Batting: RHB Eric Thompson
|
0-0: Foul Ball, location: 2F 0-1: Ball 1-1: Called Strike 1-2: Ball 2-2: SINGLE (Line Drive, 89S)
|
Pitching: RHP Craig Adams
|
|
Batting: RHB Dick Slagboom
|
0-0: Ball 1-0: Foul Ball, location: 2F 1-1: SINGLE (Line Drive, 89M) Eric Thompson to second
|
Batting: RHB William Farmer
|
0-0: Called Strike 0-1: Called Strike 0-2: Strikes out swinging
|
Batting: LHB Ramón Morales
|
0-0: Foul Ball, location: 2F 0-1: Ball 1-1: Fielders Choice at 2nd, 6-4 (Groundball, 6)
|
Bottom of the 8th over - 0 run(s), 2 hit(s), 0 error(s), 1 left on base; Topeka 3 - Louisville 16 |
TOP OF THE 9TH |
Topeka Tornados batting - Pitching for Louisville Bats : LHP George Moore
|
Pitching: LHP José Bamuelos
|
|
Pinch Hitting: RHB Ed Watkins
|
0-0: Ball 1-0: SINGLE (Line Drive, 6)
|
Batting: RHB Bob Hall
|
0-0: SINGLE (Line Drive, 4MD) Ed Watkins to second
|
Batting: LHB Yoshiaki Ohayashi
|
0-0: Ball 1-0: Fielders Choice at 2nd, 6-4 (Groundball, 6) Ed Watkins to third
|
Batting: LHB Edward Rose
|
0-0: SINGLE (Groundball, 56D) Ed Watkins scores Yoshiaki Ohayashi to second
|
Batting: SHB Giancarlo Giannini
|
0-0: Called Strike 0-1: Ball 1-1: Ball 2-1: Called Strike 2-2: Foul Ball, location: 2F 2-2: Foul Ball, location: 2F 2-2: Ball 3-2: 3-RUN HOME RUN (Flyball, 7LD), Distance : 359 ft
|
Pitching: RHP António Benítez
|
|
Batting: SHB Javier Peńa
|
0-0: Ball 1-0: DOUBLE (Flyball, 78XD)
|
Batting: SHB José González
|
0-0: Called Strike 0-1: Swinging Strike 0-2: Foul Ball, location: 2F 0-2: Strikes out looking
|
Batting: LHB Ryan Drake
|
0-0: Called Strike 0-1: SINGLE (Line Drive, 78M) Javier Peńa to third Runner from 3rd tries for Home, SAFE, no throw
|
Batting: LHB José López
|
0-0: Fly out, F3 (Line Drive, 34D)
|
Top of the 9th over - 5 run(s), 6 hit(s), 0 error(s), 1 left on base; Topeka 8 - Louisville 16 |
|